 Dungeon Crawl Stone Soup version 0.30-a0-509-gd016549fea (webtiles) character file.

Game seed: 13098042835091524529

2459 oldriver the Covert (level 9, -3/82 HPs)
             Began as a Naga Artificer on Dec 22, 2022.
             Was an Initiate of Wu Jian.
             Slain by a sky beast (5 damage)
             ... on level 7 of the Dungeon.
             The game lasted 00:13:26 (6238 turns).

oldriver the Covert (Naga Artificer)                Turns: 6238, Time: 00:13:27

Health: -3/82      AC:  4    Str: 15    XL:     9   Next: 50%
Magic:  9/9        EV:  9    Int: 12    God:    Wu Jian [......]
Gold:   135        SH:  0    Dex: 15    Spells: 8/8 levels left

rFire   . . .      SeeInvis +    a - +2 dagger (drain)
rCold   . . .      Faith    .    (no shield)
rNeg    . . .      Spirit   .    l - +0 leather armour
rPois   +          Reflect  .    (no helmet)
rElec   .          Harm     .    (no cloak)
rCorr   .          Rampage  .    (no gloves)
Will    ++...                    (no barding)
Stlth   ++++......               (no amulet)
HPRegen 0.33/turn                B - ring of willpower
MPRegen 0.11/turn                (no ring)

@: very slow
A: AC +3, large, see invisible, deformed body, poison resistance, slowness 2,
spit poison 1, naga tail 1
a: Spit Poison, Renounce Religion


You were on level 7 of the Dungeon.
You worshipped Wu Jian.
Wu Jian was noncommittal.
You visited 2 branches of the dungeon, and saw 8 of its levels.

You collected 265 gold pieces.
You spent 130 gold pieces at shops.

Inventory:

Hand Weapons
 a - a +2 dagger of draining (weapon)
 b - a +2 sling of freezing
Missiles
 n - a throwing net
Armour
 l - a +0 leather armour (worn)
Jewellery
 j - a +6 ring of intelligence
 B - a ring of willpower (left hand)
Wands
 c - a wand of flame (15)
 d - a wand of charming (7)
 e - a wand of iceblast (5)
 u - a wand of paralysis (9)
 w - a wand of mindburst (5)
 x - a wand of polymorph (7)
Scrolls
 h - a scroll of teleportation
 i - a scroll of amnesia
 o - 2 scrolls of fog
 v - a scroll of summoning {unknown}
 y - a scroll of fear
 z - a scroll of identify
 C - a scroll of enchant weapon {unknown}
Potions
 f - a potion of degeneration
 g - 2 potions of attraction
 k - a potion of flight
 m - 6 potions of curing
 p - 2 potions of might {unknown}
 q - a potion of resistance {unknown}
 r - a potion of mutation {unknown}
 s - 2 potions of magic
 t - 2 potions of brilliance {unknown}
 A - a potion of haste
 D - a potion of cancellation {unknown}


   Skills:
 + Level 5.9 Fighting
 * Level 8.1 Short Blades
 - Level 2.0 Ranged Weapons
 - Level 1.5 Armour
 - Level 0.7 Dodging
 - Level 9.0 Stealth
 - Level 5.0 Evocations


You had 8 spell levels left.
You didn't know any spells.
Your spell library contained the following spells:

 Spells                   Type           Power      Damage    Failure   Level
 Shock                    Conj/Air       0%         1d3       38%         1
 Blink                    Tloc           0%         N/A       52%         2
 Cigotuvi's Dreadful Rot  Necr/Pois/Air  0%         N/A       52%         2
 Ensorcelled Hibernation  Hex/Ice        0%         N/A       52%         2
 Momentum Strike          Conj/Tloc      0%         3d8       52%         2
 Passwall                 Tmut/Erth      0%         N/A       52%         2
 Lesser Beckoning         Tloc           0%         N/A       77%         3
 Swiftness                Air            0%         N/A       77%         3
 Airstrike                Air            0%         2d(0-16)  99%         4
 Dispel Undead            Necr           0%         3d6       99%         4
 Death Channel            Necr           0%         N/A       100%        6
 Malign Gateway           Summ/Tloc      0%         N/A       100%        7
 Summon Horrible Things   Summ           0%         N/A       100%        8


Dungeon Overview and Level Annotations

Branches:
Dungeon (7/15)             Temple (1/1) D:5

Altars:
Ashenzari
Dithmenos
Elyvilon
Fedhas
Gozag
Makhleb
Nemelex Xobeh
Okawaru
Qazlal
Sif Muna
Trog
Uskayaw
Vehumet
Wu Jian
Xom
Yredelemnul
Zin
The Shining One

Shops:
D:6 :   D:7 !

Annotations:
D:3 2 transporters, FakeRyeBread's ghost, amateur AtFi
D:6 Dowan; Duvessa


Innate Abilities, Weirdness & Mutations

Your serpentine skin is tough. (AC +3)
You have supernaturally acute eyesight. (SInv)
Armour fits poorly on your strangely shaped body.
Your system is resistant to poisons. (rPois)
You cover ground very slowly.
You can spit poison.
You have a snake-like lower body.


Message History

D - a red potion You see here a +0 dagger.
A sky beast comes into view.
The troll shouts!
You hear a shout!
A white imp comes into view.
The troll closely misses you. The troll barely misses you.
The troll closely misses you. The troll bites you but does no damage.
The troll claws you! The troll claws you.
You barely miss the troll. You barely miss the troll.
The troll bites you but does no damage. The troll claws you!
The troll closely misses you.
You closely miss the troll. The troll bites you! The troll claws you!
The troll closely misses you.
The sky beast flickers out of sight for a moment.
You closely miss the troll.
Okay, then.
Okay, then.
Unknown command.
Aiming: Charm
Press: ? - help, Shift-Dir - straight line, f - troll
Aim: a troll (chance to affect: 62%)
The troll resists with significant effort.
The troll bites you! The troll claws you!
* * * LOW HITPOINT WARNING * * *
The troll claws you!
* * * LOW HITPOINT WARNING * * *
The sky beast closely misses you.
Unknown command.
Aiming: Charm
Press: ? - help, Shift-Dir - straight line, f/p - troll
Aim: a troll (chance to affect: 62%)
The troll resists with significant effort.
The troll bites you.
* * * LOW HITPOINT WARNING * * *
The troll claws you!
* * * LOW HITPOINT WARNING * * *
The troll barely misses you. The sky beast hits you.
* * * LOW HITPOINT WARNING * * *
The sky beast shocks you.
You die...

#........#...<......# #..
..#####..###......... #.. #
#..##......... #.. #
#.##.......... ## #..
#.#..)....###. ... .. #
#.........# ....
#######.........#+#.....
.##.........###.....#
............# #.@Y8.#
............##+.T5..+
................8....... ..
............##+!....+##....
...|........# #.....# ...
............###.....###..
.####...........#+#....#
..##............# #....#
................###....#


You could see a troll, a sky beast and a white imp.

Vanquished Creatures
  Maggie (D:6)
  Prince Ribbit (D:5)
  Sigmund (D:2)
  A wyvern (D:7)
  Eustachio (D:6)
  3 sky beasts (D:7)
  3 black bears
  3 ogres
  A phantom (D:5)
  2 scorpions
  A crimson imp (D:3)
  3 hounds
  A jelly (D:6)
  Jessica (D:2)
  An iguana (D:5)
  Natasha (thrice) (D:4)
  7 adders
  5 gnolls
  3 dart slugs
  3 orcs
  7 endoplasms
  5 giant cockroaches
  9 hobgoblins
  5 jackals
  4 kobolds
  6 quokkas
  4 ball pythons (D:2)
  A frilled lizard (D:2)
  6 goblins
  2 goblin skeletons (D:3)
  A goblin zombie (D:3)
  2 hobgoblin zombies (D:3)
  4 kobold skeletons (D:3)
  2 orc skeletons (D:3)
  2 rats (D:2)
105 creatures vanquished.

Vanquished Creatures (collateral kills)
  A scorpion (D:5)
  A hound (D:5)
2 creatures vanquished.

Vanquished Creatures (others)
  An ogre (D:5)
  A jelly (D:6)
  6 plants (D:3)
8 creatures vanquished.

Grand Total: 115 creatures vanquished

Notes
Turn   | Place    | Note
-------+----------+-------------------------------------------
     0 | D:1      | oldriver the Naga Artificer began the quest for the Orb.
     0 | D:1      | Reached XP level 1. HP: 18/18 MP: 1/1
    59 | D:1      | Reached skill level 2 in Stealth
   289 | D:1      | Reached XP level 2. HP: 25/25 MP: 2/2
   610 | D:2      | Noticed Sigmund
   622 | D:2      | Killed Sigmund
   623 | D:2      | Reached skill level 4 in Stealth
   623 | D:2      | Reached XP level 3. HP: 15/33 MP: 3/3
   623 | D:2      | Reached XP level 4. HP: 19/40 MP: 4/4
   623 | D:2      | Reached XP level 5. HP: 21/46 MP: 5/5
  1196 | D:2      | Noticed Jessica
  1200 | D:2      | Killed Jessica
  1215 | D:2      | Reached XP level 6. HP: 51/56 MP: 6/6
  1463 | D:3      | Identified the +8 spear of Sunlight {pain, Will++ Int+3}
  1463 | D:3      | Identified the +5 scale mail of Amorality {+Inv Fly Int+3
                  | Stlth+}
  1463 | D:3      | Identified the +0 kite shield "Nobefoix" {SInv}
  1516 | D:3      | Found a glowing golden altar of the Shining One.
  1691 | D:3      | Reached skill level 5 in Stealth
  1995 | D:3      | Found a transporter.
  2125 | D:3      | Found a transporter.
  2236 | D:3      | Noticed FakeRyeBread's ghost (amateur AtFi)
  2565 | D:4      | Noticed Natasha
  2578 | D:4      | Killed Natasha
  2732 | D:4      | Noticed Natasha
  2745 | D:4      | Killed Natasha
  2746 | D:4      | Reached XP level 7. HP: 58/62 MP: 7/7
  2879 | D:4      | Reached skill level 5 in Short Blades
  2879 | D:4      | Reached skill level 6 in Stealth
  2912 | D:4      | Noticed Natasha
  2920 | D:4      | Killed Natasha
  3254 | D:4      | Reached skill level 1 in Ranged Weapons
  3434 | D:5      | Entered Level 5 of the Dungeon
  3434 | D:5      | Found a staircase to the Ecumenical Temple.
  3502 | D:5      | Reached XP level 8. HP: 20/73 MP: 8/8
  3687 | Temple   | Entered the Ecumenical Temple
  3730 | Temple   | Became a worshipper of the Wu Jian Council
  3960 | D:5      | Reached skill level 7 in Stealth
  4167 | D:5      | Noticed Prince Ribbit
  4178 | D:5      | Killed Prince Ribbit
  4745 | D:5      | Reached skill level 5 in Fighting
  5120 | D:6      | Found Inecifra's Book Shop.
  5228 | D:6      | Noticed Eustachio
  5238 | D:6      | Killed Eustachio
  5239 | D:6      | Reached skill level 8 in Stealth
  5239 | D:6      | Reached XP level 9. HP: 71/81 MP: 9/9
  5384 | D:6      | Noticed Duvessa
  5384 | D:6      | Noticed Dowan
  5415 | D:6      | Noticed Maggie
  5433 | D:6      | Killed Maggie
  5446 | D:7      | Found Xiom's Distillery.
  5640 | D:7      | Bought a potion of haste for 130 gold pieces
  5718 | D:7      | Noticed a troll
  5874 | D:7      | Reached skill level 9 in Stealth
  5971 | D:7      | Reached skill level 5 in Evocations
  6136 | D:7      | Identified the +9 falchion "Umnab" {venom, rN+ Dex+4}
  6238 | D:7      | HP: 2/82 [sky beast (3)]
  6238 | D:7      | Slain by a sky beast

Illustrated notes

Levels and vault maps discovered:
D:1:      dpeg_arrival_rooms_b, layout_basic
D:2:      layout_loops_ring, uniq_sigmund, uniq_jessica
D:3:      layout_basic, nicolae_tso_besieged_by_evil,
          gammafunk_ghost_gnarly_gnolls, uniq_crazy_yiuf_cottage
D:4:      layout_basic, corexii_corridor_pit, uniq_natasha
D:5:      layout_basic, minmay_temple_entry_statues, dk_rats_in_the_wall,
          uniq_prince_ribbit1
D:6:      minmay_chambers_of_sixes, layout_rooms, serial_shops,
          nicolae_shop_competitors_out_of_business, kennysheep_generic_room_8,
          uniq_duvessa, uniq_maggie, uniq_eustachio
D:7:      layout_layer_cave, worldfamousw_hep_ancestral_shrine, serial_shops,
          nicolae_shop_statue_plus, grunt_decor_arrowhead,
          hellmonk_guarded_unrand_lears
Temple:   bh_familiar_temple

Skill      XL: |  1  2  3  4  5  6  7  8  9 |
---------------+----------------------------+-----
Stealth        | 2 4 5 6 8 9 |  9.0
Fighting       | 2 3 4 5 |  5.9
Short Blades   | 3 4 5 7 8 |  8.1
Ranged Weapons | 1 2 |  2.0
Evocations     | 4 5 |  5.0
Armour         | |  1.5
Dodging        | |  0.7

Action                   |  1- 3 |  4- 6 |  7- 9 || total
-------------------------+-------+-------+-------++-------
Melee: Club              |    11 |       |       ||    11
       Dagger            |     9 |   155 |   166 ||   330
       Punch             |       |     1 |     3 ||     4
 Fire: Sling             |     5 |    27 |    89 ||   121
Invok: Lunge             |       |       |     5 ||     5
 Abil: Spit Poison       |     9 |    40 |     7 ||    56
Evoke: Wand              |       |       |    13 ||    13
  Use: Potion            |     3 |       |     2 ||     5
       Scroll            |       |     7 |     3 ||    10
 Stab: Sleeping          |       |       |     1 ||     1
Armor: Leather armour    |     9 |    33 |    44 ||    86
Dodge: Dodged            |    17 |    66 |    66 ||   149

Table legend: (Time is in decaauts)
 A = Elapsed time spent in this place.
 B = Non-inter-level travel time spent in this place.
 C = Inter-level travel time spent in this place.
 D = Time resting spent in this place.
 E = Time spent auto-exploring this place.
 F = Levels seen in this place.
 G = Mean time per level.
                   A        B        C        D        E       F      G
               +--------+--------+--------+--------+--------+-----+--------+
         Total |   7653 |   7534 |    119 |   1568 |   4270 |   8 |  956.6 |
       Dungeon |   7407 |   7335 |     72 |   1568 |   4075 |   7 | 1058.1 |
        Temple |    246 |    199 |     47 |      0 |    194 |   1 |  246.0 |
               +--------+--------+--------+--------+--------+-----+--------+

Top non-repeatable levels by time:
     D:5: 1625 daAuts
     D:4: 1426 daAuts
     D:2: 1292 daAuts
     D:3: 1028 daAuts
     D:7: 974 daAuts
     D:1: 609 daAuts
     D:6: 451 daAuts
  Temple: 246 daAuts
